 Dungeon Crawl Stone Soup version 0.25-a0-834-g55863b0b92 (webtiles) character file.

Game seed: 2516634003817751100, levelgen mode: deterministic

266 kae the Ruffian (level 6, -1/47 HPs)
             Began as a Draconian Transmuter on Apr 23, 2020.
             Slain by a gnoll
             ... wielding a +0 spear
              (3 damage)
             ... on level 3 of the Dungeon.
             The game lasted 00:01:26 (1934 turns).

kae the Ruffian (Draconian Transmuter)              Turns: 1934, Time: 00:01:27

Health: -1/47      AC:  7    Str: 12    XL:     6   Next: 0%
Magic:  3/10       EV: 12    Int: 16    God:
Gold:   108        SH:  0    Dex: 11    Spells: 5/11 levels left

rFire    . . .     SeeInvis .     - Unarmed
rCold    . . .     Gourm    .   (no shield)
rNeg     . . .     Faith    .   (armour unavailable)
rPois    .         Spirit   .   (helmet restricted)
rElec    .         Reflect  .   (no cloak)
rCorr    .         Harm     .   (no gloves)
MR       .....                  (no boots)
Stlth    +.........             (no amulet)
HPRegen  0.15/turn              (no ring)
MPRegen  0.12/turn              (no ring)

@: no status effects
A: unfitting armour, blink, shaggy fur 1, cold-blooded, AC +6
a: Blink


You were on level 3 of the Dungeon.
You were hungry.

You visited 1 branch of the dungeon, and saw 3 of its levels.

You collected 108 gold pieces.

Inventory:

Missiles
 a - 35 arrows
Jewellery
 f - an uncursed ring of fire {unknown}
 i - an uncursed ring of ice
Scrolls
 e - a scroll of teleportation
 j - a scroll of remove curse
Potions
 g - a potion of cancellation
Comestibles
 c - 5 rations


   Skills:
 - Level 1.1 Fighting
 - Level 1.7 Dodging
 * Level 5.2 Unarmed Combat
 + Level 3.3 Spellcasting
 + Level 3.5 Transmutations


You had 5 spell levels left.
You knew the following spells:

 Your Spells              Type           Power        Failure   Level  Hunger
a - Beastly Appendage     Tmut           ##....       4%          1    None
b - Sticks to Snakes      Tmut           ##......     6%          2    ##.....
c - Spider Form           Tmut/Pois      #.........   26%         3    ###....

Your spell library contained the following spells:

 Spells                   Type           Power        Failure   Level  Hunger
 Ice Form                 Ice/Tmut       #.......     65%         4    ####...
 Blade Hands              Tmut           ##........   75%         5    ######.


Dungeon Overview and Level Annotations

Branches:
Dungeon (3/15)

Altars:
Gozag
Yredelemnul


Innate Abilities, Weirdness & Mutations

Your plain brown scales are hard. (AC +6)
You cannot fit into any form of body armour.
You are cold-blooded and may be slowed by cold attacks.
You can translocate small distances at will.
You are covered in fur. (AC +1)


Message History

The gnoll hits you from afar with a +0 spear!
* * * LOW HITPOINT WARNING * * *
You feel ready to backstab. The gnoll misses you.
The gnoll hits you from afar with a +0 spear.
* * * LOW HITPOINT WARNING * * *
Okay, then.
Unknown command.
It was a potion of cancellation.
Your magical effects are unravelling.
You feel magically purged.
Your magical contamination has completely faded away.
Your transformation has ended.
You feel less ready to backstab. The gnoll closely misses you.
It was a potion of mutation.
You feel extremely strange.
You feel jittery. Fur sprouts all over your body.
The gnoll hits you from afar with a +0 spear.
* * * LOW HITPOINT WARNING * * *
The gnoll hits you from afar with a +0 spear.
You die...

########.#.. #.### #.#
## ########.# ...
...##...# ....
####.##.#.###.# .....
#.gg.)..#.....#
......##.###.###.##..#
.......@.# #.# #.# .#
.......### #.# #.# #
....... #.. #.#
....... ##g #.#
....... .g#.# ....<..
...g ....... .......


You could see 2 gnolls.

Vanquished Creatures
  Sigmund (D:2)
  Jessica (D:2)
  2 gnolls (D:3)
  2 adders (D:2)
  2 oozes
  2 worms (D:2)
  2 dart slugs
  6 bats
  3 giant cockroaches
  2 goblins (D:2)
  A hobgoblin (D:1)
  3 jackals (D:2)
  A ball python (D:2)
  2 frilled lizards
  4 rats
34 creatures vanquished.

Notes
Turn   | Place    | Note
-------+----------+-------------------------------------------
     0 | D:1      | kae the Draconian Transmuter began the quest for the Orb.
     0 | D:1      | Reached XP level 1. HP: 16/16 MP: 3/3
   599 | D:1      | Reached XP level 2. HP: 22/23 MP: 3/5
   669 | D:1      | Learned a level 2 spell: Sticks to Snakes
  1001 | D:2      | Noticed Sigmund
  1018 | D:2      | Killed Sigmund
  1018 | D:2      | Reached skill level 4 in Unarmed Combat
  1018 | D:2      | Reached XP level 3. HP: 13/28 MP: 5/7
  1018 | D:2      | Reached XP level 4. HP: 16/35 MP: 5/8
  1018 | D:2      | Reached XP level 5. HP: 19/40 MP: 5/9
  1182 | D:2      | Learned a level 3 spell: Spider Form
  1495 | D:2      | Found an opulent altar of Gozag.
  1553 | D:2      | Noticed Jessica
  1562 | D:2      | Killed Jessica
  1562 | D:2      | Reached skill level 5 in Unarmed Combat
  1645 | D:2      | Found a basalt altar of Yredelemnul.
  1929 | D:3      | Reached XP level 6. HP: 15/47 MP: 2/10
  1933 | D:3      | Gained mutation: You can translocate small distances at
                  | will. [potion of mutation]
  1933 | D:3      | Gained mutation: You are covered in fur. (AC +1) [potion of
                  | mutation]
  1933 | D:3      | HP: 2/47 [gnoll/+0 spear (1)]
  1934 | D:3      | Slain by a gnoll

Levels and vault maps discovered:
D:1:      onia_arrival_mini_spirals, layout_basic, hangedman_decor_opposing,
          minmay_misc_feat_rows, minmay_misc_feat_iff
D:2:      layout_loops_ring, grunt_gozag_statues, yredelemnul_altar_generic,
          uniq_sigmund, uniq_jessica
D:3:      layout_basic, cheibrodos_sewer_entry_bend

Skill      XL: |  1  2  3  4  5 |
---------------+----------------+-----
Unarmed Combat | 4 5 |  5.2
Spellcasting   | 3 |  3.3
Transmutations | 3 |  3.5
Fighting       | |  1.1
Dodging        | |  1.7

Action                   |  1- 3 |  4- 6 || total
-------------------------+-------+-------++-------
Melee: Unarmed           |    51 |    86 ||   137
       Tailslap          |     4 |     9 ||    13
       Kick              |     3 |     4 ||     7
       Punch             |     1 |       ||     1
       Headbutt          |     1 |     4 ||     5
 Cast: Beastly Appendage |     9 |    14 ||    23
       Spider Form       |       |     1 ||     1
  Use: Scroll            |     1 |     5 ||     6
       Potion            |       |     3 ||     3
 Stab: Sleeping          |       |     2 ||     2
  Eat: Chunk             |       |     3 ||     3
Armor: Skin              |    13 |    24 ||    37
Dodge: Dodged            |    41 |    58 ||    99

Table legend:
 A = Non-vault XP
 B = Vault XP
 C = Vault XP percentage of total XP
 D = Non-vault monster count
 E = Vault monster count
 F = Vault count percentage of total count
                 A         B        C        D         E       F
            +---------+---------+-------+---------+---------+-------
      Total |     120 |     260 |  68.4 |      32 |       2 |   5.9
            +---------+---------+-------+---------+---------+-------
        D:1 |      22 |       0 |   0.0 |      10 |       0 |   0.0
        D:2 |      69 |     260 |  79.0 |      19 |       2 |   9.5
        D:3 |      29 |       0 |   0.0 |       3 |       0 |   0.0
            +---------+---------+-------+---------+---------+-------
